 Dungeon Crawl Stone Soup version 0.31.0-32-g396128a36d (webtiles) character file.

Game seed: 15236360515330722385

374190 Tizio the Minotaur Barricade (level 21, -5/211 (214) HPs)
             Began as a Minotaur Fighter on Mar 11, 2024.
             Was a High Priest of Ashenzari.
             Killed by divine providence
             ... invoked by a royal mummy
             ... led by Khufu
              (12 damage)
             ... on level 2 of the Crypt.
             The game lasted 01:39:29 (48831 turns).

Tizio the Minotaur Barricade (Minotaur Fighter)    Turns: 48831, Time: 01:39:31

HP:   -5/211 (214)  AC: 40    Str: 34    XL:     21   Next: 76%
MP:   21/21         EV: 21    Int:  6    God:    Ashenzari [*****.]
Gold: 3968          SH: 28    Dex: 23    Spells: 21/21 levels left

rFire   + + .        m - +10 whip "Overhang to Understand" {drain, *Slow rElec rC- Will+++, Melee, Self} (curse)
rCold   + . .        K - +1 tower shield of the Tethered Prison {reflect, Melee, Sorc} (curse)
rNeg    . . .        k - +1 gold dragon scales of the Fated Submission {rPois rF+ rC+, Fort, Cun} (curse)
rPois   +            h - +1 hat "Circumscribed With Me" {Sorc, Cun} (curse)
rElec   +            j - +1 cloak of Ureriric {Str+2 Dex+3}
rCorr   .            v - +3 pair of gauntlets of War {Slay+5, Self, Bglg} (curse)
SInv    +            y - +2 pair of boots "Ruined Together" {Cun, Melee} (curse)
Will    +++++        x - necklace of Bloodlust {Fury *Rage Will++ Int-3 Slay+6, Fort, Dev} (curse) Stlth
                     V - ring "Chained Suspicion" {Wiz rF+ Str+3 Dex+3 Stlth+, Self, Bglg} (curse)
HPRegen 0.55/turn    t - ring "Gaze Upon Infinity" {Dex+6, Self, Fort} (curse)
MPRegen 0.17/turn

%: slow self (1%), reflection, clarity, wizardry (x1)
@: flayed, slowed, studying 2 skills, lightly drained, very slow
A: horns 2, retaliatory headbutt, clever 1, cold resistance 1, teleportitis 1,
wild magic 1, evolution 1
}: 2/15 runes: decaying, serpentine
a: Renounce Religion, Shatter the Chains


You were on level 2 of the Crypt.
You worshipped Ashenzari.
Ashenzari was extremely pleased with you.
You visited 9 branches of the dungeon, and saw 37 of its levels.
You also visited: Wizlab and Desolation.

You collected 6172 gold pieces.
You spent 2204 gold pieces at shops.

Inventory:

Hand Weapons
 m - the cursed +10 whip "Overhang to Understand" (weapon) {drain, *Slow rElec rC- Will+++, Melee, Self}
   (You found it on level 2 of the Dungeon)

   rC-:       It makes you vulnerable to cold.
   rElec:     It insulates you from electricity.
   Will+++:   It greatly increases your willpower.
   *Slow:     It may slow you when you take damage.
   It has a curse which improves the following skills: Melee Combat: Short
   Blades, Long Blades, Axes, Maces & Flails, Polearms, Staves and Unarmed
   Combat.
   Introspection: Fighting and Spellcasting.
Armour
 h - the cursed +1 hat "Circumscribed With Me" (worn) {Sorc, Cun}
   (You found it on level 10 of the Dungeon)

   It has a curse which improves the following skills: Sorcery: Conjurations and
   Alchemy.
   Cunning:   Dodging and Stealth.
 j - the +1 cloak of Ureriric (worn) {Str+2 Dex+3}
   (You found it in a wizard's laboratory)

   Str+2:     It affects your strength (+2).
   Dex+3:     It affects your dexterity (+3).
 k - the cursed +1 gold dragon scales of the Fated Submission (worn) {rPois rF+ rC+, Fort, Cun}
   (You bought it in a shop on level 5 of the Dungeon)

   rF+:       It protects you from fire.
   rC+:       It protects you from cold.
   rPois:     It protects you from poison It has a curse which improves the
   following skills: Fortitude: Armour and Shields.
   Cunning:   Dodging and Stealth.
 v - the cursed +3 pair of gauntlets of War (worn) {Slay+5, Self, Bglg}
   (You found it on level 3 of the Elven Halls)

   Slay+5:    It affects your accuracy & damage with ranged weapons and melee
   (+5).
   It has a curse which improves the following skills: Introspection: Fighting
   and Spellcasting.
   Beguiling: Hexes and Translocations.
 y - the cursed +2 pair of boots "Ruined Together" (worn) {Cun, Melee}
   (You found it on level 5 of the Dungeon)

   It has a curse which improves the following skills: Cunning: Dodging and
   Stealth.
   Melee Combat: Short Blades, Long Blades, Axes, Maces & Flails, Polearms,
   Staves and Unarmed Combat.
 K - the cursed +1 tower shield of the Tethered Prison (worn) {reflect, Melee, Sorc}
   (You took it off a naga warrior on level 2 of the Snake Pit)

   It has a curse which improves the following skills: Melee Combat: Short
   Blades, Long Blades, Axes, Maces & Flails, Polearms, Staves and Unarmed
   Combat.
   Sorcery:   Conjurations and Alchemy.
Jewellery
 l - a +5 ring of evasion
 r - a ring of protection from fire
 t - the cursed ring "Gaze Upon Infinity" (right hand) {Dex+6, Self, Fort}
   (You found it on level 7 of the Dungeon)

   [ring of dexterity]

   Dex+6:     It affects your dexterity (+6).
   It has a curse which improves the following skills: Introspection: Fighting
   and Spellcasting.
   Fortitude: Armour and Shields.
 x - the cursed necklace of Bloodlust (around neck) {Fury *Rage Will++ Int-3 Slay+6, Fort, Dev}
   (You took it off an orc sorcerer on level 3 of the Elven Halls)

   [amulet of nothing]

   Fury:      It extends the wearer's berserk rage when killing foes.
   Int-3:     It affects your intelligence (-3).
   Slay+6:    It affects your accuracy & damage with ranged weapons and melee
   (+6).
   Will++:    It greatly increases your willpower.
   *Rage:     It berserks you when you make melee attacks (+50% chance).
   It has a curse which improves the following skills: Fortitude: Armour and
   Shields.
   Devices:   Evocations and Shapeshifting.
 B - a +6 ring of strength
 D - an amulet of reflection
 L - the ring "Myll" {rF+ rC- Dex+6 Stlth+}
   (You found it in the Desolation of Salt)

   [ring of dexterity]

   Dex+6:     It affects your dexterity (+6).
   rF+:       It protects you from fire.
   rC-:       It makes you vulnerable to cold.
   Stlth+:    It makes you more stealthy.
 V - the cursed ring "Chained Suspicion" (left hand) {Wiz rF+ Str+3 Dex+3 Stlth+, Self, Bglg}
   (You bought it in a shop on level 2 of the Snake Pit)

   [ring of wizardry]

   Wiz:       It improves your spell success rate.
   Str+3:     It affects your strength (+3).
   Dex+3:     It affects your dexterity (+3).
   rF+:       It protects you from fire.
   Stlth+:    It makes you more stealthy.
   It has a curse which improves the following skills: Introspection: Fighting
   and Spellcasting.
   Beguiling: Hexes and Translocations.
 Z - a +4 ring of slaying
Wands
 a - a wand of polymorph (29)
 d - a wand of digging (23)
 f - a wand of flame (130)
 p - a wand of roots (20)
 q - a wand of mindburst (42)
 w - a wand of charming (48)
 G - a wand of acid (24)
Scrolls
 e - 7 scrolls of poison
 g - 19 scrolls of teleportation
 u - 5 scrolls of fog
 I - 8 scrolls of enchant weapon
 M - 3 scrolls of amnesia
 N - 7 scrolls of blinking
 O - 5 scrolls of enchant armour
 P - 4 scrolls of brand weapon
 Q - 2 scrolls of immolation
 R - 3 scrolls of revelation
 U - 3 scrolls of summoning
 X - 4 scrolls of fear
Potions
 b - 5 potions of curing
 c - 2 potions of invisibility
 i - 6 potions of cancellation
 n - a potion of berserk rage
 s - 4 potions of enlightenment
 z - 7 potions of lignification
 A - 9 potions of brilliance
 E - 3 potions of magic
 S - 8 potions of haste
 W - 5 potions of might
 Y - 2 potions of resistance
Miscellaneous
 o - a phial of floods
 C - a tin of tremorstones (1/2)
 F - a sack of spiders (inert)
 H - a phantom mirror
 J - a lightning rod (4/4)


   Skills:
 * Level 19.5(24.2) Fighting
 + Level 4.2(8.0) Long Blades
 + Level 16.1(20.2) Maces & Flails
 * Level 21.3(25.1) Armour
 * Level 15.6(19.6) Dodging
 O Level 27 Shields
 * Level 13.1(15.2) Evocations


You had 21 spell levels left.
You didn't know any spells.
Your spell library contained the following spells:

 Spells                   Type           Power      Damage    Failure   Level
 Apportation              Tloc           0%         N/A       65%         1
 Slow                     Hex            0%         N/A       65%         1
 Sting                    Conj/Alch      0%         1d3       65%         1
 Shock                    Conj/Air       0%         1d3       67%         1
 Necrotise                Necr           0%         1d4       71%         1
 Sandblast                Erth           0%         2d4       71%         1
 Summon Small Mammal      Summ           0%         N/A       71%         1
 Jinxbite                 Hex            0%         N/A       77%         2
 Lesser Beckoning         Tloc           0%         N/A       77%         2
 Ensorcelled Hibernation  Hex/Ice        0%         N/A       80%         2
 Mercury Vapours          Alch/Air       0%         N/A       80%         2
 Call Imp                 Summ           0%         N/A       82%         2
 Scorch                   Fire           0%         2d5       82%         2
 Sublimation of Blood     Necr           0%         N/A       82%         2
 Confusing Touch          Hex            0%         N/A       93%         3
 Gell's Gravitas          Tloc           0%         N/A       93%         3
 Sigil of Binding         Hex            0%         N/A       93%         3
 Teleport Other           Tloc           0%         N/A       93%         3
 Call Canine Familiar     Summ           0%         N/A       95%         3
 Passwall                 Erth           0%         N/A       95%         3
 Stone Arrow              Conj/Erth      0%         3d7       95%         3
 Swiftness                Air            0%         N/A       95%         3
 Vampiric Draining        Necr           0%         2d6       95%         3
 Volatile Blastmotes      Fire/Tloc      0%         2d10      95%         3
 Airstrike                Air            0%         2d(0-16)  100%        4
 Anguish                  Hex/Necr       0%         N/A       100%        4
 Animate Armour           Summ/Erth      0%         N/A       100%        4
 Brom's Barrelling Bould  Conj/Erth      0%         2d3       100%        4
 Cause Fear               Hex            0%         N/A       100%        4
 Dimensional Bullseye     Hex/Tloc       0%         N/A       100%        4
 Flame Wave               Conj/Fire      0%         2d4       100%        4
 Fulminant Prism          Conj/Alch      0%         3d5       100%        4
 Iskenderun's Mystic Bla  Conj/Tloc      0%         2d3       100%        4
 Leda's Liquefaction      Alch/Erth      0%         N/A       100%        4
 Olgreb's Toxic Radiance  Alch           0%         N/A       100%        4
 Petrify                  Alch/Erth      0%         N/A       100%        4
 Alistair's Intoxication  Alch           0%         N/A       100%        5
 Borgnjor's Vile Clutch   Necr/Erth      0%         N/A       100%        5
 Fireball                 Conj/Fire      0%         3d3       100%        5
 Irradiate                Conj/Alch      0%         3d11      100%        5
 Lee's Rapid Deconstruct  Erth           0%         3d4*      100%        5
 Eringya's Noxious Bog    Alch           0%         4d6       100%        6
 Sculpt Simulacrum        Ice/Alch       0%         N/A       100%        6
 Summon Cactus Giant      Summ           0%         N/A       100%        6
 Enfeeble                 Hex            0%         N/A       100%        7
 Summon Hydra             Summ           0%         N/A       100%        7
 Lehudib's Crystal Spear  Conj/Erth      0%         10d2      100%        8
 Dragon's Call            Summ           0%         N/A       100%        9


Dungeon Overview and Level Annotations

Branches:
Dungeon (15/15)            Temple (1/1) D:5            Lair (3/5) D:8
  Swamp (4/4) Lair:3        Snake (4/4) Lair:2          Orc (2/2) D:9
    Elf (3/3) Orc:2        Vaults (3/5) D:13          Crypt (2/3) Vaults:3
 Depths (0/4) D:15         WizLab (visited)         Desolation (visited)

Altars:
Ashenzari
Cheibriados
Dithmenos
Elyvilon
Fedhas
Gozag
Hepliaklqana
Kikubaaqudgha
Makhleb
Nemelex Xobeh
Okawaru
Qazlal
Ru
Sif Muna
Trog
Uskayaw
Vehumet
Wu Jian
Xom
Yredelemnul
Zin
The Shining One

Shops:
D:5 [:   D:10 !   Orc:1 *   Orc:2 *?([[[::*   Elf:1 [   Snake:2 =   Snake:4 [*
Vaults:1 ?(   Vaults:3 ?

Portals:
Trove: D:11 (give +3 storm dragon scales)

Annotations:
D:10 2 transporters
Crypt:2 Khufu


Innate Abilities, Weirdness & Mutations

You have a pair of horns on your head.
You reflexively headbutt those who attack you in melee.
Your mind is acute. (Int +4, Str/Dex -1)
Your flesh is cold resistant. (rC+)
You are occasionally teleported next to monsters.
Your spells are a little harder to cast, but a little more powerful.
You have hidden genetic potential.


Message History

You hear a shout!
The laughing skull cackles spitefully.
The bolt of negative energy hits the curse skull.
The curse skull completely resists.
The bolt of negative energy misses you. The flayed ghost hits you.
* * * LOW HITPOINT WARNING * * *
The curse skull calls on the powers of darkness!
You feel a surge of unholy energy.
The emperor scorpion convulses!
You block the ghostly deep elf death mage's attack.
You feel much better.
You block the ghostly deep elf death mage's attack.
The royal mummy casts a spell.
You block the flayed ghost's attack.
Khufu points at you and mumbles some strange words.
Something smites you!
* * * LOW HITPOINT WARNING * * *
The flayed ghost cries, "Feel what I felt!"
You block the ghostly deep elf death mage's attack.
You reach into the sack...
Khufu is caught in a web!
The royal mummy evades a web.
The ghostly death knight evades a web.
The flayed ghost passes through a web.
The skeletal warrior evades a web.
The ghostly deep elf death mage evades a web.
The eidolon passes through a web.
The ghoul evades a web.
The flayed ghost passes through a web.
The bunyip skeleton is caught in a web!
The laughing skull evades a web.
The shadow wraith passes through a web.
The jiangshi is caught in a web!
The necrophage is caught in a web! ...but only cobwebs fall out.
The sack is emptied!
The death scarab's many legs skitter faintly. x2
The laughing skull disappears in a puff of smoke!
The jiangshi struggles to get unstuck from the web.
You block the emperor scorpion's attack. x2
The emperor scorpion claws you but does no damage.
The jiangshi tears the web.
The bunyip skeleton struggles to get unstuck from the web.
You block the flayed ghost's attack.
The royal mummy casts a spell.
You block the ghostly deep elf death mage's attack.
The royal mummy points at you and mumbles some strange words.
Something smites you!
You die...

,,,,,,,,,,,,,,,,,,,
,,*,,,**#.#.#***,**
,,*,,,* #.#.# *,**
,{***** #.#.# *,,,
,,** #.#.## *,,,
,{{***###nZ..###..,
,.,{n{{{npWVZ....,,
,.nWM####eWWZ###)#*


*.BnMMBzs@zVZ...(., *.BBWz#####§####.#* ,.B<,{* *{#***,** ,.,,,{* *{{{,*,**
,{*********{{.,*,** *,******∆,,.{..*,** *,,,,,,,,,,$....,,, ********,,,....#Z**
* ****,,,,,,** You could see Khufu (webbed), 2 royal mummies, 2 ghouls, an
emperor scorpion (summoned), a ghostly death knight, a ghostly deep elf death
mage, a vampire knight (invisible), an eidolon, 2 skeletal warriors, a jiangshi
(summoned), 2 flayed ghosts, a shadow wraith (summoned, invisible), a curse
skull, a freezing wraith, a spectral quicksilver dragon (summoned), a bog body,
5 death scarabs, a necrophage (summoned, webbed), a sphinx zombie, a troll
zombie and a bunyip skeleton (summoned, webbed).

Vanquished Creatures
  A dread lich (Vaults:2)
  Josephina (Crypt:1)
  The ghost of nitefall the Slayer, an adept MiBe of Trog (Vaults:3)
  Rupert (Orc:1)
  2 deep elf master archers (Elf:3)
  4 sphinxes
  3 deep elf blademasters
  The ghost of Poguis the Spry, an adept DjCj of Hepliaklqana (Elf:1)
  An eldritch tentacle (WizLab)
  A thorn hunter (Swamp:4)
  Aizul (Snake:2)
  A storm dragon (D:13)
  Donald (Swamp:2)
  6 nagarajas
  A fenstrider witch (Swamp:4)
  A revenant (Crypt:1)
  A fire giant (D:10)
  7 deep elf sorcerers
  10 vault wardens
  5 deep elf elementalists
  A ghost moth (WizLab)
  4 ghouls
  3 imperial myrmidons (Desolation)
  5 orc warlords
  12 ironbound preservers
  Louise (Swamp:3)
  3 stone giants
  A juggernaut skeleton (Crypt:1)
  2 ironbound thunderhulks
  4 deep elf demonologists
  4 vampire knights (Crypt:1)
  5 eleionomae
  7 deep elf annihilators
  Azrael (Elf:1)
  2 deep elf death magi
  9 dire elephants
  4 bunyips
  3 halazid warlocks (Desolation)
  5 ettins
  A shambling mangrove (Swamp:2)
  An entropy weaver (WizLab)
  4 fire dragons
  7 vault guards
  9 yaktaur captains
  5 great orbs of eyes
  2 ghost crabs (Swamp:3)
  4 deep elf high priests
  3 servants of whispers (Desolation)
  7 ragged hierophants (Desolation)
  17 hydras
  12 alligators
  2 salamander tyrants
  13 centaur warriors
  8 ironbound frosthearts
  An ogre mage (D:10)
  13 anacondas
  5 peacekeepers
  A catoblepas (Lair:1)
  3 boulder beetles
  3 death knights
  An Orb Guardian skeleton (Crypt:1)
  26 dancing weapons
  9 two-headed ogres
  The ghost of SonOfAdam the Fighter, a novice DjFE of Makhleb (D:9)
  A vampire mage (Crypt:1)
  4 tengu warriors
  10 naga sharpshooters
  A sphinx skeleton (Crypt:1)
  A spriggan berserker (Swamp:4)
  10 naga warriors
  An orc high priest (D:14)
  A hell knight (D:15)
  12 deep elf knights
  10 shock serpents
  A fire crab (D:9)
  A shadow wraith (Vaults:2)
  20 skeletal warriors
  11 goliath frogs
  7 spriggan druids
  6 swamp dragons
  6 salamander mystics
  A glowing orange brain (shapeshifter) (Elf:2)
  An orange crystal statue (D:13)
  2 arcanists (Vaults:3)
  A bunyip skeleton (Crypt:1)
  10 naga ritualists
  40 deep trolls
  15 deep elf archers
  10 lindwurms
  6 bog bodies
  8 mana vipers
  6 phantasmal warriors
  9 ironbound convokers
  24 deep elf pyromancers
  2 necromancers
  2 glowing orange brains
  A harpy (Vaults:3)
  12 orc knights
  2 obsidian statues (WizLab)
  A manticore (D:14)
  36 ugly things
  31 deep elf zephyrmancers
  9 cyclopes
  2 orc sorcerers
  Pikel (D:4)
  9 will-o-the-wisps
  A wolf spider (D:10)
  2 tengu skeletons
  24 salamanders
  8 guardian serpents
  9 meliai
  An apocalypse crab (WizLab)
  39 black mambas
  4 elephants (Lair:3)
  A black mamba (shapeshifter) (Elf:2)
  18 naga magi
  2 kobold blastminers (Orc:2)
  A fire giant skeleton (Crypt:1)
  2 molten gargoyles
  10 cane toads
  13 vault sentinels
  A torpor snail (Lair:1)
  4 gargoyles
  2 unseen horrors
  A kobold demonologist (D:9)
  A komodo dragon (shapeshifter) (Elf:3)
  6 tengu conjurers
  3 freezing wraiths
  4 rime drakes (Lair:1)
  A yaktaur zombie (Vaults:1)
  2 efreet
  7 komodo dragons
  30 yaktaurs
  An anaconda simulacrum (Crypt:1)
  7 trolls
  2 bloated husks
  Grinder (D:6)
  9 hornets
  8 tyrant leeches
  43 saltlings (Desolation)
  A harpy skeleton (Crypt:1)
  A raiju (shapeshifter) (D:13)
  7 blink frogs (Lair:1)
  13 slime creatures
  9 spriggans
  The ghost of zxspectator the Digger, an amateur GrEE (D:5)
  A centaur simulacrum (D:10)
  An air elemental (Elf:3)
  6 fire elementals
  2 water elementals
  5 shadows
  9 wraiths
  6 wyverns
  2 vampires
  A dire elephant simulacrum (Crypt:1)
  A yak (shapeshifter) (D:10)
  42 yaks
  10 basilisks
  11 vampire mosquitoes
  2 wargs (Orc:1)
  2 steam dragons (D:10)
  2 acid dragons
  12 swamp worms
  3 hell hounds (Elf:1)
  36 nagas
  6 water moccasins
  A harpy simulacrum (Crypt:1)
  20 orc warriors
  11 swamp drakes
  2 sky beasts
  An ice beast (D:6)
  4 boggarts (Vaults:3)
  3 ogres
  A swamp dragon zombie (Crypt:1)
  A lemure (D:4)
  8 wolves
  5 centaurs
  2 phantoms
  3 kobold brigands
  9 bullfrogs
  A necrophage (Swamp:3)
  3 scorpions
  A gnoll sergeant (D:10)
  2 earth elementals
  A human skeleton (Vaults:1)
  7 wights
  A troll zombie (D:9)
  7 killer bees (D:9)
  A yak skeleton (Crypt:1)
  3 electric eels (Lair:3)
  3 howler monkeys
  A lava snake (Swamp:4)
  A bullfrog zombie (Crypt:1)
  Crazy Yiuf (D:2)
  8 jellies
  13 orc priests
  2 hounds (D:7)
  Ijyb (D:4)
  3 iguanas
  Natasha (thrice) (D:4)
  27 orc wizards
  A sleepcap (D:7)
  5 ogre zombies (D:9)
  5 gnolls (D:10)
  3 adders
  3 shadow imps
  A white imp (D:7)
  4 ufetubi
  6 ribbon worms
  2 dart slugs
  58 orcs
  7 endoplasms
  3 giant cockroaches
  4 goblins
  10 hobgoblins
  6 jackals
  3 quokkas
  5 ball pythons
  4 bats
  3 frilled lizards
  A frilled lizard skeleton (Crypt:1)
  A gnoll skeleton (D:9)
  6 gnoll zombies (D:9)
  22 kobolds
  4 orc skeletons (D:9)
  8 orc zombies (D:9)
  4 rats
  A butterfly (Lair:2)
1429 creatures vanquished.

Vanquished Creatures (collateral kills)
  Nikola (Elf:1)
1 creature vanquished.

Vanquished Creatures (others)
  An eldritch tentacle (WizLab)
  A hydra (Swamp:2)
  2 deep elf knights
  A deep elf archer (Elf:1)
  A deep elf pyromancer (Elf:1)
  A bunyip simulacrum (Crypt:1)
  3 bloated husks
  A saltling (Desolation)
  An orc warrior (Orc:2)
  A swamp drake (Swamp:4)
  57 foxfires
70 creatures vanquished.

Grand Total: 1500 creatures vanquished

Notes
Turn   | Place    | Note
-------+----------+-------------------------------------------
     0 | D:1      | Tizio the Minotaur Fighter began the quest for the Orb.
     0 | D:1      | Reached XP level 1. HP: 19/19 MP: 0/0
   384 | D:1      | Reached XP level 2. HP: 27/27 MP: 1/1
   616 | D:2      | Reached skill level 4 in Shields
   664 | D:2      | You fall into a shaft and drop 1 floor!
   885 | D:3      | Identified the +1 robe "Quabb" {Rampage rElec Int-2 Dex-3}
  1121 | D:3      | Reached skill level 1 in Dodging
  1121 | D:3      | Reached XP level 3. HP: 27/33 MP: 2/2
  1377 | D:3      | Reached XP level 4. HP: 27/40 MP: 3/3
  1481 | D:2      | Identified the +10 whip of the Trees {drain, *Slow rElec
                  | rC- Will+++}
  1648 | D:2      | Found a runed translucent door.
  1649 | D:2      | Noticed Crazy Yiuf
  2246 | D:2      | Killed Crazy Yiuf
  2411 | D:3      | Found a faded altar of an unknown god.
  3226 | D:4      | Noticed Natasha
  3231 | D:4      | Killed Natasha
  3232 | D:4      | Reached XP level 5. HP: 47/47 MP: 4/4
  3239 | D:4      | Found a broken altar of Ashenzari.
  3253 | D:4      | Reached skill level 5 in Armour
  3285 | D:4      | Reached skill level 1 in Maces & Flails
  3370 | D:4      | Noticed Natasha
  3375 | D:4      | Killed Natasha
  3412 | D:4      | Noticed a lemure
  3412 | D:4      | Noticed a lemure
  3435 | D:4      | Killed a lemure
  3467 | D:4      | Noticed Pikel
  3467 | D:4      | Noticed a lemure
  3475 | D:4      | Reached XP level 6. HP: 45/53 MP: 5/5
  3481 | D:4      | Killed Pikel
  3482 | D:4      | Reached skill level 5 in Fighting
  3482 | D:4      | Reached skill level 5 in Shields
  3482 | D:4      | Reached XP level 7. HP: 39/61 MP: 6/6
  3486 | D:4      | Noticed Ijyb
  3495 | D:4      | Killed Ijyb
  3607 | D:4      | Noticed Natasha
  3611 | D:4      | Killed Natasha
  4013 | D:4      | Became a worshipper of Ashenzari the Shackled
  4032 | D:5      | Entered Level 5 of the Dungeon
  4032 | D:5      | Found Ukitehu's Book Shop.
  4184 | D:5      | Found a stormy altar of Qazlal.
  4214 | D:5      | Found a shimmering altar of Xom.
  4292 | D:5      | Found Tarhunz's Dragon-Slaying Spoils.
  4470 | D:5      | Found a large runed translucent door.
  4470 | D:5      | Found a large runed translucent door.
  4489 | D:5      | Found a white marble altar of Elyvilon.
  4509 | D:5      | Noticed zxspectator's ghost (amateur GrEE)
  4594 | D:5      | Found a staircase to the Ecumenical Temple.
  5094 | D:5      | Killed zxspectator's ghost
  5095 | D:5      | Reached XP level 8. HP: 69/69 MP: 7/7
  5233 | D:6      | Found a hazy altar of Hepliaklqana.
  5252 | D:6      | Found a glowing golden altar of the Shining One.
  5625 | D:6      | Noticed Grinder
  5635 | D:6      | Reached skill level 5 in Maces & Flails
  5640 | D:6      | Killed Grinder
  5641 | D:6      | Reached skill level 6 in Shields
  5677 | D:6      | Found a blossoming altar of Fedhas.
  5679 | D:6      | Found an ancient bone altar of Kikubaaqudgha.
  5742 | D:6      | Found a basalt altar of Yredelemnul.
  5902 | D:7      | Reached XP level 9. HP: 60/73 MP: 8/8
  6201 | D:7      | Found a sparkling altar of Nemelex Xobeh.
  6316 | D:7      | Reached skill level 5 in Dodging
  7078 | D:8      | Reached skill level 7 in Shields
  7139 | D:8      | Paralysed by a hornet for 2 turns
  7150 | D:8      | Reached skill level 10 in Armour
  7245 | D:8      | Found a shimmering blue altar of Sif Muna.
  7545 | D:8      | Found a staircase to the Lair.
  7549 | D:8      | Noticed a two-headed ogre
  7558 | D:8      | Killed a two-headed ogre
  7559 | D:8      | Reached XP level 10. HP: 38/86 MP: 9/9
  7712 | D:8      | Found an opulent altar of Gozag.
  7947 | D:8      | Found a burning altar of Makhleb.
  7975 | D:8      | Identified a scroll of acquirement
  7975 | D:8      | Acquired 1126 gold pieces
  8317 | D:5      | Bought +1 gold dragon scales for 870 gold pieces
  9473 | Temple   | Entered the Ecumenical Temple
 10025 | Lair:1   | Entered Level 1 of the Lair of Beasts
 10050 | Lair:1   | Noticed a cane toad
 10059 | Lair:1   | Killed a cane toad
 10060 | Lair:1   | Reached skill level 8 in Shields
 10247 | Lair:1   | Reached skill level 9 in Shields
 10389 | Lair:1   | Noticed a cane toad
 10393 | Lair:1   | Killed a cane toad
 10417 | Lair:1   | Reached XP level 11. HP: 48/95 MP: 10/10
 10569 | Lair:1   | Noticed a catoblepas
 10623 | Lair:1   | Killed a catoblepas
 10699 | Lair:1   | Reached skill level 10 in Shields
 10775 | Lair:1   | Reached skill level 1 in Evocations
 11163 | Lair:1   | Reached skill level 11 in Shields
 11819 | Lair:1   | Reached * piety under Ashenzari
 12024 | D:9      | Found a transporter.
 12027 | D:9      | Noticed a fire crab
 12029 | D:9      | Noticed SonOfAdam's ghost (novice DjFE)
 12031 | D:9      | Noticed a two-headed ogre
 12034 | D:9      | Noticed a two-headed ogre
 12041 | D:9      | Killed a two-headed ogre
 12053 | D:9      | Reached XP level 12. HP: 104/106 MP: 11/11
 12131 | D:9      | Found a staircase to the Orcish Mines.
 12296 | D:9      | Reached ** piety under Ashenzari
 12341 | D:9      | Found an ornate altar of the Wu Jian Council.
 12473 | D:9      | Found a transporter.
 13110 | D:9      | Killed a two-headed ogre
 13117 | D:9      | Killed SonOfAdam's ghost
 13118 | D:9      | Reached skill level 10 in Maces & Flails
 13118 | D:9      | Reached skill level 12 in Shields
 13282 | Orc:1    | Entered Level 1 of the Orcish Mines
 13474 | Orc:1    | Found Guepeimo's Assorted Antiques.
 13601 | Orc:2    | Entered Level 2 of the Orcish Mines
 13603 | Orc:2    | Noticed an ettin
 13604 | Orc:2    | Found Gucuas's Book Shop.
 13665 | D:10     | Entered Level 10 of the Dungeon
 13680 | D:10     | Found a transporter.
 13682 | D:10     | Found a transporter.
 13684 | D:10     | Found a transporter.
 13770 | D:10     | Reached skill level 10 in Fighting
 13851 | D:10     | Noticed a two-headed ogre
 13862 | D:10     | Killed a two-headed ogre
 14094 | D:10     | Noticed a fire dragon
 14112 | D:10     | Killed a fire dragon
 14302 | D:10     | Noticed an ogre mage
 14311 | D:10     | Killed an ogre mage
 14322 | D:10     | Noticed a two-headed ogre
 14326 | D:10     | Killed a two-headed ogre
 14381 | D:10     | Noticed a stone giant
 14395 | D:10     | Killed a stone giant
 14408 | D:10     | Noticed a fire giant
 14420 | D:10     | Killed a fire giant
 14577 | D:10     | Noticed a centaur warrior
 14592 | D:10     | Reached XP level 13. HP: 101/116 MP: 12/12
 14603 | D:10     | Reached skill level 13 in Shields
 15116 | D:10     | Found Dir Moer's Distillery.
 15422 | D:10     | Found a transporter.
 16049 | D:11     | Found a portal to a secret trove of treasure.
 16667 | D:11     | Found a bloodstained altar of Trog.
 17503 | D:12     | Reached skill level 5 in Evocations
 17580 | D:12     | Gained mutation: Your flesh is cold resistant. (rC+)
                  | [potion of mutation]
 17580 | D:12     | Gained mutation: You have hidden genetic potential. [potion
                  | of mutation]
 17944 | D:13     | Reached skill level 15 in Armour
 18430 | D:13     | Found a gate to the Vaults.
 18430 | D:13     | Noticed a storm dragon
 18455 | D:13     | Killed a storm dragon
 18456 | D:13     | Reached skill level 14 in Shields
 18754 | D:14     | Acquired 772 gold pieces
 19102 | D:14     | Reached XP level 14. HP: 81/127 MP: 13/13
 19413 | D:14     | Reached skill level 15 in Shields
 20055 | D:14     | Gained mutation: You have large cloven feet. [hidden
                  | potential]
 20116 | D:14     | Reached skill level 10 in Dodging
 20265 | D:14     | Noticed an orc warlord
 20292 | D:14     | Killed an orc warlord
 20503 | D:15     | Entered Level 15 of the Dungeon
 20530 | D:14     | Reached skill level 16 in Shields
 20918 | D:15     | Found a staircase to the Depths.
 21065 | D:15     | Reached XP level 15. HP: 92/137 MP: 14/14
 21224 | D:15     | Found a hazy altar of Hepliaklqana.
 23120 | Orc:1    | Bought a golden potion for 27 gold pieces
 23137 | Orc:2    | Found Rullioc's Book Shop.
 23137 | Orc:2    | Noticed Rupert
 23200 | Orc:1    | Killed Rupert
 23382 | Orc:2    | Gained mutation: Your muscles are strong. (Str +4, Int/Dex
                  | -1) [hidden potential]
 23382 | Orc:2    | Lost mutation: You have hidden genetic potential. [hidden
                  | potential expressed]
 23392 | Orc:1    | Reached skill level 17 in Shields
 23587 | Orc:2    | Found Gosu's General Store.
 23634 | Orc:2    | Bought a sack of spiders for 440 gold pieces
 23734 | Orc:2    | Found Ratwir's Armour Shoppe.
 23743 | Orc:2    | Found Hoasy's Antique Armour Boutique.
 23747 | Orc:2    | Found Anupriuf's Antique Armour Shop.
 23795 | Orc:2    | Found a staircase to the Elven Halls.
 23797 | Orc:2    | Found Dielar's Antique Weapon Shop.
 23925 | Orc:2    | Found Kaom's Magic Scroll Shop.
 23977 | Orc:2    | Found Runiz's General Store.
 23987 | Orc:2    | Bought a potion of curing for 36 gold pieces
 24160 | Elf:1    | Entered Level 1 of the Elven Halls
 24224 | Elf:1    | Found a runed translucent door.
 24224 | Elf:1    | Noticed Poguis's ghost (adept DjCj)
 24366 | Elf:1    | Found Vijim's Antique Armour Shoppe.
 24694 | Elf:1    | Noticed Nikola
 24710 | Elf:1    | Identified the +3 leather armour of Starshine {rN+ Str+4}
 24801 | Elf:1    | Killed Nikola
 24820 | Elf:1    | Reached skill level 18 in Shields
 24984 | Elf:1    | Found a radiant altar of Vehumet.
 25089 | Elf:1    | Noticed Azrael
 25118 | Elf:1    | Killed Azrael
 25181 | Elf:1    | Reached *** piety under Ashenzari
 25449 | Elf:1    | Killed Poguis's ghost
 25706 | Elf:1    | Reached XP level 16. HP: 147/149 MP: 15/15
 25926 | Elf:2    | Noticed a deep elf blademaster
 25944 | Elf:2    | Killed a deep elf blademaster
 25976 | Elf:2    | HP: 5/146 [burnt (7)]
 25977 | Elf:2    | Identified the +11 mace of Offence {drain, Str+3}
 25994 | Elf:2    | Found a runed translucent gate.
 25994 | Elf:2    | Found a runed translucent gate.
 25994 | Elf:2    | Found a runed translucent gate.
 26238 | Elf:2    | Reached skill level 19 in Shields
 27086 | Elf:3    | Entered Level 3 of the Elven Halls
 27416 | Elf:3    | Reached **** piety under Ashenzari
 27755 | Elf:3    | Noticed a deep elf blademaster
 27758 | Elf:3    | Reached skill level 20 in Shields
 27772 | Elf:3    | Noticed a deep elf master archer
 27781 | Elf:3    | Killed a deep elf blademaster
 27781 | Elf:3    | Noticed a deep elf blademaster
 27782 | Elf:3    | Reached skill level 15 in Fighting
 27782 | Elf:3    | Reached XP level 17. HP: 48/162 MP: 16/16
 27963 | Elf:3    | Identified the +2 leather armour of Autumn {rPois rN+
                  | Slay-2}
 27980 | Elf:3    | Killed a deep elf blademaster
 28018 | Elf:3    | Noticed an Ice Fiend
 28101 | Elf:3    | Noticed a Tzitzimitl
 28114 | Elf:2    | Gained mutation: You are clumsy. (Dex -2) [a neqoxec]
 28214 | Elf:3    | Noticed a deep elf master archer
 28234 | Elf:3    | Killed a deep elf master archer
 28237 | Elf:3    | Noticed a Hell Sentinel
 28281 | Elf:3    | Noticed an Ice Fiend
 28387 | Elf:3    | Noticed a Brimstone Fiend
 28519 | Elf:3    | Killed a deep elf master archer
 28556 | Elf:3    | Found the +7 hand cannon "Mule" {flame, backblast, rF+}
 28556 | Elf:3    | Identified the +0 robe "Neolih" {rC+ Dex+4}
 28557 | Elf:3    | Identified the +0 leather armour of Decaying Contentment
                  | {rElec rCorr}
 28557 | Elf:3    | Identified the +1 robe of Huoc {Int+2}
 28567 | Elf:3    | Identified the granite talisman of Esuuz {Will+ Slay+3}
 28666 | Elf:3    | Found the +3 pair of gauntlets of War {Slay+5}
 29856 | Lair:2   | Found a staircase to the Snake Pit.
 31331 | Lair:3   | Found a staircase to the Swamp.
 31606 | Swamp:1  | Entered Level 1 of the Swamp
 32232 | Swamp:2  | Reached skill level 21 in Shields
 32742 | Swamp:2  | Reached ***** piety under Ashenzari
 33101 | Swamp:3  | Noticed Donald
 33139 | Swamp:2  | Reached XP level 18. HP: 49/178 MP: 17/17
 33146 | Swamp:2  | Killed Donald
 33451 | Swamp:2  | Lost mutation: You have large cloven feet. [potion of
                  | mutation]
 33451 | Swamp:2  | Lost mutation: You are clumsy. (Dex -2) [potion of
                  | mutation]
 33451 | Swamp:2  | Lost mutation: Your muscles are strong. (Str +4, Int/Dex
                  | -1) [potion of mutation]
 33451 | Swamp:2  | Lost intelligence.
 33451 | Swamp:2  | Gained mutation: You are dopey. (Int -2) [potion of
                  | mutation]
 33451 | Swamp:2  | Gained mutation: You passively map a small area around you.
                  | [potion of mutation]
 33451 | Swamp:2  | Gained mutation: You are agile. (Dex +4, Str/Int -1)
                  | [potion of mutation]
 33455 | Swamp:2  | Lost mutation: You passively map a small area around you.
                  | [potion of mutation]
 33455 | Swamp:2  | Lost mutation: You are dopey. (Int -2) [potion of mutation]
 33455 | Swamp:2  | Gained mutation: Your flesh is heat resistant. (rF+)
                  | [potion of mutation]
 33455 | Swamp:2  | Gained mutation: You sometimes lose your temper in combat.
                  | [potion of mutation]
 33456 | Swamp:2  | Lost mutation: Your flesh is heat resistant. (rF+) [potion
                  | of mutation]
 33456 | Swamp:2  | Lost mutation: You are agile. (Dex +4, Str/Int -1) [potion
                  | of mutation]
 33456 | Swamp:2  | Lost mutation: Your flesh is cold resistant. (rC+) [potion
                  | of mutation]
 33456 | Swamp:2  | Gained mutation: Your spells are a little easier to cast,
                  | but a little less powerful. [potion of mutation]
 33456 | Swamp:2  | Gained mutation: You are partially covered in iridescent
                  | scales. (AC +2) [potion of mutation]
 33457 | Swamp:2  | Lost mutation: Your spells are a little easier to cast, but
                  | a little less powerful. [potion of mutation]
 33457 | Swamp:2  | Lost mutation: You are partially covered in iridescent
                  | scales. (AC +2) [potion of mutation]
 33457 | Swamp:2  | Lost mutation: You sometimes lose your temper in combat.
                  | [potion of mutation]
 33457 | Swamp:2  | Gained mutation: You are weak. (Str -2) [potion of
                  | mutation]
 33458 | Swamp:2  | Lost mutation: You are weak. (Str -2) [potion of mutation]
 33458 | Swamp:2  | Gained mutation: You expend magic power (3 MP) to
                  | strengthen your wands. [potion of mutation]
 33458 | Swamp:2  | Gained mutation: You are strong-willed. (Will+) [potion of
                  | mutation]
 33459 | Swamp:2  | Lost mutation: You expend magic power (3 MP) to strengthen
                  | your wands. [potion of mutation]
 33459 | Swamp:2  | Lost mutation: You are strong-willed. (Will+) [potion of
                  | mutation]
 33459 | Swamp:2  | Gained mutation: You are occasionally teleported next to
                  | monsters. [potion of mutation]
 33459 | Swamp:2  | Gained mutation: Your mind is acute. (Int +4, Str/Dex -1)
                  | [potion of mutation]
 33459 | Swamp:2  | Gained mutation: You are often teleported next to monsters.
                  | [potion of mutation]
 33459 | Swamp:2  | Gained mutation: Your muscles are strong. (Str +4, Int/Dex
                  | -1) [potion of mutation]
 33778 | Swamp:3  | Noticed Louise
 33841 | Swamp:3  | Killed Louise
 34667 | Swamp:4  | Entered Level 4 of the Swamp
 34803 | Swamp:4  | Identified the +7 chain mail of Compassion {Regen+ Int+4
                  | Stlth+}
 34810 | Swamp:4  | Reached skill level 22 in Shields
 35720 | Swamp:4  | Got a decaying rune of Zot
 36140 | Snake:1  | Entered Level 1 of the Snake Pit
 36920 | Snake:1  | Reached ****** piety under Ashenzari
 37357 | Snake:2  | Found Qeaj's Jewellery Boutique.
 37474 | Snake:2  | Identified the serpent talisman of Xawykh {rC+ Dex+3}
 37474 | Snake:2  | Noticed Aizul
 37490 | Snake:2  | Killed Aizul
 37533 | Snake:2  | Bought the ring of Otiplos {Wiz rF+ Str+3 Dex+3 Stlth+} for
                  | 831 gold pieces
 38159 | Snake:2  | Reached skill level 23 in Shields
 38672 | Snake:3  | Reached XP level 19. HP: 193/193 MP: 19/19
 38870 | Snake:3  | Reached skill level 10 in Evocations
 40187 | Snake:4  | Entered Level 4 of the Snake Pit
 40301 | Snake:4  | Found a glacial archway.
 40391 | Snake:4  | Reached skill level 24 in Shields
 40924 | Snake:4  | Found Ileududu's General Store.
 40924 | Snake:4  | Found Roitaytza's Armour Shoppe.
 41209 | Snake:4  | Acquired a manual of Evocations
 41236 | Snake:4  | Got a serpentine rune of Zot
 42073 | Vaults:1 | Entered Level 1 of the Vaults
 42263 | Vaults:1 | Found Zisydagy's Weapon Shoppe.
 42286 | Vaults:1 | Found Metan's Magic Scroll Shop.
 42484 | Vaults:1 | Reached skill level 25 in Shields
 42635 | Vaults:1 | Found a crumbling gateway.
 42723 | Desolati | Entered the Desolation of Salt
 42745 | Desolati | Reached XP level 20. HP: 206/206 MP: 20/20
 42762 | Desolati | Identified the staff of Gozag, Sheltering {rElec rC- rN+
                  | SInv Necro Earth}
 42762 | Desolati | Identified the +10 broad axe of the Owl {venom, rPois rF+
                  | Int-2 Stlth+}
 42762 | Desolati | Identified the +1 falchion "Soyn Xoyru" {pain, rPois rN+
                  | Dex+2}
 42762 | Desolati | Identified the Thoughts on Substances and the Ground
 43202 | Desolati | Identified the +3 scale mail of Refuge {Rampage rC+ Str+4}
 43202 | Desolati | Identified the Thoughts on Glaciation and the Sphinx
 43242 | Desolati | Identified the ring "Gyneumoe" {Fly rC+ Will+++ Int-5
                  | Dex+6}
 43246 | Desolati | Identified the ring "Myll" {rF+ rC- Dex+6 Stlth+}
 43284 | Desolati | Identified the staff "Orb Guardian's Doom" {Fly rF+ Necro
                  | Fire}
 44345 | Vaults:2 | Reached skill level 15 in Maces & Flails
 44352 | Vaults:2 | Reached skill level 26 in Shields
 44919 | Vaults:2 | Noticed a dread lich
 44936 | Vaults:2 | Killed a dread lich
 45823 | Vaults:3 | Found Zuugotwu's Magic Scroll Shop.
 45826 | Vaults:3 | Lost mutation: Your muscles are strong. (Str +4, Int/Dex
                  | -1) [potion of mutation]
 45826 | Vaults:3 | Lost mutation: You are often teleported next to monsters.
                  | [potion of mutation]
 45826 | Vaults:3 | Gained mutation: Your spells are a little harder to cast,
                  | but a little more powerful. [potion of mutation]
 45826 | Vaults:3 | Gained mutation: You have hidden genetic potential. [potion
                  | of mutation]
 45826 | Vaults:3 | Gained mutation: Your flesh is cold resistant. (rC+)
                  | [potion of mutation]
 45879 | Vaults:3 | Reached XP level 21. HP: 212/215 MP: 21/21
 46175 | Vaults:3 | Reached skill level 27 in Shields
 46211 | Vaults:3 | Reached skill level 15 in Dodging
 46448 | Vaults:3 | Identified the +5 arbalest "Orb Guardian's Death" {freeze,
                  | rPois rCorr Int-2}
 46624 | Vaults:3 | Found a runed translucent door.
 46788 | Vaults:3 | Found a staircase to the Crypt.
 46788 | Vaults:3 | Found a basalt altar of Yredelemnul.
 46789 | Vaults:3 | Found an ancient bone altar of Kikubaaqudgha.
 47262 | Vaults:3 | Noticed nitefall's ghost (adept MiBe)
 47262 | Vaults:3 | Identified the ring "Ytsossek" {rC+ Str+5}
 47286 | Vaults:3 | Killed nitefall's ghost
 47361 | Crypt:1  | Entered Level 1 of the Crypt
 47539 | Crypt:1  | Identified the ring "Zaogogru" {Ice +Blink rElec rN++}
 47539 | Crypt:1  | Noticed Josephina
 47565 | Crypt:1  | Killed Josephina
 47782 | Crypt:1  | Found a magical portal.
 47924 | WizLab   | Entered The Roulette of Golubria
 47924 | WizLab   | Found a transporter.
 47928 | WizLab   | Identified the +0 robe of Darkness {Str+4 Int+4 Dex-3}
 47928 | WizLab   | Identified the +1 cloak of the Saviour {-Tele Will+ Str+7
                  | Stlth-}
 47928 | WizLab   | Found a corrupted altar of Lugonu.
 48069 | WizLab   | Found a transporter.
 48080 | WizLab   | Identified the +1 cloak of Ureriric {Str+2 Dex+3}
 48080 | WizLab   | Identified the -1 cloak of Apathy {+Inv SInv}
 48080 | WizLab   | Identified the +0 cloak of Bad Feelings {Slay+3 Stlth+}
 48097 | WizLab   | Found a transporter.
 48442 | Crypt:1  | Found an ancient bone altar of Kikubaaqudgha.
 48808 | Crypt:2  | Noticed a royal mummy
 48810 | Crypt:2  | Noticed Khufu
 48823 | Crypt:2  | Noticed a royal mummy
 48823 | Crypt:2  | HP: 9/210 [Khufu/divine providence (13)]
 48829 | Crypt:2  | HP: 2/210 [mirror damage (9)]
 48831 | Crypt:2  | Killed from afar by a royal mummy

Illustrated notes

Levels and vault maps discovered:
D:1:      shiori_arrival_maze, layout_basic, chequers_hall_statues_wall_a
D:2:      minmay_wonky_spiral, layout_basic, uniq_crazy_yiuf_cottage
D:3:      layout_basic, hellmonk_ecumenical_altar_inner_sanctum
D:4:      layout_basic, nicolae_ashenzari_panopticon, uniq_ijyb, uniq_pikel,
          uniq_natasha
D:5:      layout_loops_ring, mainiacjoe_overflow_two_lobes, elyvilon_altar_1,
          minmay_temple_entry_overgrown, serial_shops, shop,
          ebering_ghost_disaster_area, nicolae_shop_dragon_depot,
          chequers_serial_rivers_large_a, minivault_26
D:6:      layout_loops_ring, grunt_temple_overflow_growth_and_decay,
          mainiacjoe_overflow_surrounded_room, overflow_temple_1_default,
          mainiacjoe_overflow_brackets, uniq_grinder
D:7:      layout_gridville, nemelex_xobeh_ov_fountains_minmay
D:8:      kennysheep_blocky_hall, layout_basic, grunt_gozag_statues,
          overflow_temple_1_default, lemuel_coloured_pillars_altar
D:9:      layout_gridville, mainiacjoe_overflow_alcove_2, zombieorc1_lemuel,
          gammafunk_ghost_arena
D:10:     nzn_winding_woodlands_large [nzn_winding_woodlands_5x5_cross,
          nzn_winding_woodlands_5x15_sidewinder,
          nzn_winding_woodlands_5x5_perimeter,
          nzn_winding_woodlands_center_pierced_h,
          nzn_winding_woodlands_15x15_boxy_spiral,
          nzn_winding_woodlands_center_diamonds,
          nzn_winding_woodlands_5x5_closed_star,
          nzn_winding_woodlands_5x15_jagged, nzn_winding_woodlands_hourglass],
          layout_loops_corners, serial_shops, shop, nicolae_diode_quadrants
D:11:     layout_stronghold, enter_trove_0, minmay_misc_feat_diagonals, tgw_trog
D:12:     layout_rooms, serial_bayou_pond_d, grunt_ministairs_11
D:13:     layout_roguey, hellmonk_vaults_attempted_burglary, minivault_16
D:14:     layout_rooms, serial_bayou_pond_a, lightli_church_of_beogh
D:15:     hangedman_depths_entry_civil_slaughter, layout_irregular_city,
          serial_rivers, chequers_serial_rivers_room_b,
          chequers_serial_rivers_large_b, chequers_serial_rivers_small_a,
          chequers_serial_rivers_room_a, chequers_serial_rivers_small_3,
          nicolae_hepliaklqana_hippocampus
Temple:   hellmonk_temple_micro_hex
Lair:1:   regret_index_malice_mire, layout_chaotic_city, lemuel_fruit_tree,
          grunt_megastairs_5
Lair:2:   layout_layer_cave, minmay_snake_entry_guardpost_small,
          lemuel_fruit_fields
Lair:3:   layout_long_grid, minmay_swamp_entry_swarm, serial_bayou_lake_a
Swamp:1:  layout_basic_swamp, evilmike_swamp_ruin_house_3
Swamp:2:  nicolae_swamp_husk_halls, layout_basic_swamp,
          nicolae_swamp_trees_clearing
Swamp:3:  layout_falls_marsh, evilmike_swamp_ruin_house_2, swamp_pool_3,
          nicolae_swamp_well_well_well, st_shrine_of_shade,
          infiniplex_staircase_pool, uniq_louise, uniq_donald
Swamp:4:  swamp_fiery, layout_basic_swamp, nicolae_swamp_tree_isthmus
Snake:1:  layout_chambers
Snake:2:  layout_layer_cave, serial_shops, nicolae_shop_crystal, uniq_aizul
Snake:3:  layout_layer_cave, grunt_ministairs_9
Snake:4:  johnstein_snake_rune_scales, layout_misc_corridors,
          portal_ice_cave_entry_pillars_1, minmay_shoptagon
Orc:1:    layout_caves, serial_shops, nicolae_shop_pleasant_corner_grove,
          special_room [special_room_orc], abandoned_shop
Orc:2:    grunt_orc_gardens, layout_caves, grunt_orc_garden, grunt_orc_garden,
          grunt_orc_garden, grunt_orc_garden, basic_altar, serial_shops,
          nicolae_shop_rolled_up, shop, shop, shop, shop, uniq_rupert
Elf:1:    elf_arrival_001, layout_loops_corners, ebering_ghost_inner_flame,
          serial_shops, shop, basic_altar, evilmike_minifort, uniq_nikola,
          uniq_azrael
Elf:2:    elven_hall_of_blades_hangedman_original [mumra_blade_entry_bloodbath],
          layout_geoelf_octagon
Elf:3:    elf_hall, layout_geoelf_diagonals
Vaults:1: portal_desolation_entry_ruin, ontoclasm_vaults_shout,
          vaults_mumra_hexcomb, ontoclasm_vaults_ring_small, v_misc_26,
          nicolae_vaults_storage_closets_1, ontoclasm_vaults_eye,
          hangedman_vaults_nails, layout_vaults_big_room, serial_shops,
          nicolae_shop_behind_doors, shop
Vaults:2: nicolae_vaults_tetromino_T_2, nicolae_vaults_layer_cake_slice,
          dpeg_vaults_monster_row, nicolae_vaults_more_shelving_2,
          nicolae_vaults_ninety_degrees, nicolae_vaults_storage_closets_3,
          nicolae_vaults_surprise_closet_hard, nicolae_vaults_double_plus_2,
          nicolae_vaults_diamond_1, nicolae_vaults_sesquioval_fish,
          vaults_room_fours, layout_vaults_omnigrid
Vaults:3: ebering_ghost_reflecting_pool, ontoclasm_vaults_misaligned,
          hangedman_vaults_capsules, minmay_crypt_entry_necro_gods,
          nicolae_vaults_shipping_containers_2, hangedman_vaults_pinch,
          hangedman_vaults_stagger, nicolae_vaults_octothorpe,
          ontoclasm_vaults_claustrophobia, nicolae_vaults_yaktaur_gun_rack,
          nicolae_vaults_closet_pinwheel_6, nicolae_vaults_little_squares_4,
          vaults_dpeg_encased_lava, vaults_room_fours, nicolae_vaults_tangram_2,
          vaults_dpeg_ring, layout_vaults_omnicross, serial_shops,
          nicolae_diamond_shop
Crypt:1:  layout_gridlike, lightli_enter_wizlab_magi_temple, basic_altar,
          grunt_crypt_arrival_split, uniq_josephina
Crypt:2:  layout_misc_corridors, uniq_khufu

Skill      XL: |  1  2  3  4  5  6  7  8  9 10 11 12 13 14 15 16 17 18 19 20 21 |
---------------+----------------------------------------------------------------+-----
Shields        | 4 5 6 7 9 11 12 14 16 18 20 21 23 25 26 27 | 27.0
Fighting       | 4 5 6 7 8 9 10 11 12 13 15 16 17 18 19 | 19.5
Armour         | 4 5 6 7 9 10 12 13 14 15 16 17 18 19 20 21 | 21.3
Dodging        | 1 2 3 4 5 6 7 8 9 10 11 12 13 14 15 | 15.6
Long Blades    | 3 4 |  4.2
Maces & Flails | 1 2 3 5 7 8 9 11 12 13 14 15 16 | 16.1
Evocations     | 2 4 5 6 7 8 9 10 11 13 | 13.1

Action                     |  1- 3 |  4- 6 |  7- 9 | 10-12 | 13-15 | 16-18 | 19-21 || total
---------------------------+-------+-------+-------+-------+-------+-------+-------++-------
  Melee: Long sword        |    72 |    16 |       |       |       |       |       ||    88
         Headbutt          |    10 |    10 |    33 |   149 |   392 |   380 |   603 ||  1577
         Whip              |       |    80 |   199 |   589 |  1461 |  1475 |  1694 ||  5498
  Throw: Throwing net      |       |       |       |     1 |       |       |       ||     1
 Invoke: Curse Item        |       |       |     3 |     5 |     4 |     8 |     1 ||    21
         Shatter the Chain |       |       |     3 |     3 |     1 |     4 |     1 ||    12
  Evoke: Wand              |       |       |       |     9 |    22 |     3 |       ||    34
         Tin of tremorston |       |       |       |       |     3 |     4 |     1 ||     8
         Lightning rod     |       |       |       |       |     2 |     6 |       ||     8
         Sack of spiders   |       |       |       |       |     1 |     1 |     1 ||     3
         Phial of floods   |       |       |       |       |     1 |     1 |       ||     2
    Use: Scroll            |       |     3 |     7 |     8 |     2 |     7 |     2 ||    29
         Potion            |       |       |     1 |     1 |    15 |    15 |     9 ||    41
   Stab: Petrified         |       |       |       |     7 |       |       |       ||     7
         Invisible         |       |       |       |       |       |     2 |       ||     2
         Confused          |       |       |       |       |       |     2 |       ||     2
         Distracted        |       |       |       |       |       |     1 |       ||     1
 Armour: Scale mail        |     7 |       |       |       |       |       |       ||     7
         Chain mail        |    38 |    59 |    10 |       |       |       |       ||   107
         Plate armour      |       |       |   105 |       |       |       |       ||   105
         Gold dragon scale |       |       |       |   279 |   628 |   688 |   343 ||  1938
  Dodge: Dodged            |    25 |    27 |    40 |    96 |   249 |   318 |   372 ||  1127
  Block: Buckler           |    16 |    17 |     7 |       |       |       |       ||    40
         Kite shield       |       |       |    72 |   295 |   802 |   598 |       ||  1767
         Tower shield      |       |       |       |       |       |   384 |  1669 ||  2053
         Reflection        |       |       |       |       |       |    11 |   104 ||   115
